AoeStats
← Majesty

Arena

507127105Analyzed
4v4 RM · 17d ago on Sep 16, 2026· 47m 59s· 8 players
Game mode
Random Map
Map size
Large (8 player)
Population
200
Speed
Normal
Resources
Standard
Victory
Conquest
Starting age
Dark Age
Ending age
Imperial Age
RankedLock teamsTeams togetherTeam positionsShared explorationLock speedFull tech treeHidden civsTurbo modeCheats
Victory
Defeat
🇬🇧 Mongols · United Kingdom
1483
+12
🇨🇿 Romans · Czechia
1437
+14
🇵🇰 Teutons · Pakistan
1427
+15
🇩🇪 Persians · Germany
1349
+18
🇮🇳 Franks · India
1420
-16
🇹🇷 Italians · Türkiye
1416
-16
🇹🇷 Burgundians · Türkiye
1382
-14
🇹🇷 Romans · Türkiye
1364
-13
Rakosnik
2:42 Loom
4:45 Loom
10:36 Feudal Age
12:26 Double-Bit Axe
14:57 Castle Age
13:01 Horse Collar
16:24 Bow Saw
19:00 Wheelbarrow
19:08 Town Watch
20:11 Loom
22:57 Heavy Plow
28:37 Imperial Age
26:55 Hand Cart
26:59 Scale Mail Armor
27:09 Forging
27:46 Gold Mining
27:47 Stone Mining
28:21 Ballistics
28:45 Heavy Scorpion
30:09 Gold Shaft Mining
30:41 Chemistry
30:41 Ballistas
31:04 Siege Engineers
33:01 Chain Mail Armor
33:21 Iron Casting
34:41 Squires
34:02 Pikeman
34:13 Onager
35:07 Halberdier
36:54 Blast Furnace
36:18 Conscription
43:56 Caravan
TheJenonator
10:29 Feudal Age
9:54 Loom
11:57 Double-Bit Axe
14:14 Castle Age
12:33 Horse Collar
15:08 Bow Saw
22:42 Stone Mining
24:54 Stone Shaft Mining
24:43 Town Watch
25:36 Wheelbarrow
25:45 Heavy Plow
27:19 Hand Cart
27:19 Gold Mining
27:48 Fletching
28:27 Ballistics
31:08 Imperial Age
28:42 Padded Archer Armor
28:38 Bodkin Arrow
29:06 Masonry
29:54 Leather Archer Armor
30:53 Gold Shaft Mining
30:21 Caravan
31:57 Bracer
32:33 Conscription
32:25 Bloodlines
32:15 Husbandry
32:47 Parthian Tactics
32:27 Thumb Ring
32:24 Elite Mangudai
34:58 Onager
36:02 Drill
36:45 Siege Onager
38:33 Chemistry
38:47 Siege Engineers
Horizon
5:32 Loom
6:03 Loom
8:53 Feudal Age
10:19 Fletching
16:26 Double-Bit Axe
20:03 Horse Collar
25:30 Castle Age
24:13 Gold Mining
25:58 Wheelbarrow
26:09 Bodkin Arrow
26:41 Town Watch
27:54 Guard Tower
29:08 Hand Cart
29:10 Bow Saw
29:01 Heavy Plow
34:27 Imperial Age
32:43 Padded Archer Armor
33:15 Ballistics
32:42 Elite Skirmisher
33:40 Leather Archer Armor
33:14 Pikeman
34:24 Hand Cart
36:49 Chemistry
35:56 Squires
35:48 Halberdier
36:54 Scale Mail Armor
38:27 Chain Mail Armor
39:36 Conscription
46:21 Plate Mail Armor
46:01 Forging
46:16 Siege Engineers
46:22 Masonry
Musti-1997
10:32 Feudal Age
11:56 Double-Bit Axe
15:03 Castle Age
13:28 Horse Collar
16:09 Wheelbarrow
16:10 Bow Saw
18:05 Heavy Plow
21:56 Loom
23:36 Gold Mining
23:40 Stone Mining
24:52 Hand Cart
29:51 Imperial Age
28:35 Scale Barding Armor
28:41 Forging
29:49 Chain Barding Armor
29:31 Elite War Elephant
30:33 Conscription
30:27 Bloodlines
30:17 Husbandry
31:02 Iron Casting
32:59 Crop Rotation
33:37 Two-Man Saw
34:19 Plate Barding Armor
38:23 Blast Furnace
48:36 Citadels
48:27 Kamandaran
49:05 Hoardings
48:00 Sappers
Maverick
11:10 Feudal Age
15:21 Castle Age
14:38 Scale Barding Armor
16:10 Double-Bit Axe
17:23 Bow Saw
22:06 Loom
24:14 Wheelbarrow
30:45 Imperial Age
28:07 Gold Mining
28:34 Scale Barding Armor
28:40 Forging
28:34 Husbandry
29:49 Chain Barding Armor
31:00 Hand Cart
32:01 Gold Shaft Mining
30:48 Cavalier
31:51 Conscription
31:55 Squires
31:40 Arson
31:58 Scale Mail Armor
32:33 Iron Casting
32:34 Plate Barding Armor
32:17 Chivalry
33:03 Chain Mail Armor
33:22 Pikeman
34:17 Paladin
34:35 Halberdier
36:50 Blast Furnace
DarkPaladin
11:50 Feudal Age
15:28 Castle Age
13:36 Horse Collar
13:53 Double-Bit Axe
23:07 Bow Saw
25:11 Wheelbarrow
24:51 Heavy Plow
29:47 Imperial Age
28:15 Hand Cart
28:40 Loom
29:48 Heavy Scorpion
30:51 Conscription
34:14 Chemistry
33:34 Ballistics
33:36 Siege Engineers
35:26 Capped Ram
37:42 Siege Ram
44:23 Man-at-Arms
45:05 Squires
45:19 Long Swordsman
46:01 Pikeman
Majesty
6:54 Double-Bit Axe
6:54 Horse Collar
11:59 Feudal Age
12:03 Feudal Age
16:09 Castle Age
14:45 Heavy Plow
15:18 Bow Saw
17:47 Wheelbarrow
19:49 Wheelbarrow
21:15 Hand Cart
20:50 Loom
23:59 Gold Mining
28:33 Imperial Age
27:14 Scale Barding Armor
27:19 Forging
27:28 Husbandry
28:53 Gold Shaft Mining
27:50 Cavalier
29:52 Burgundian Vineyards
31:05 Chain Barding Armor
31:22 Iron Casting
30:49 Paladin
33:30 Plate Barding Armor
33:24 Light Cavalry
35:10 Blast Furnace
34:53 Hussar
38:45 Chemistry
37:56 Masonry
Cakalavcisi
5:13 Loom
10:08 Feudal Age
11:48 Fletching
17:58 Double-Bit Axe
24:41 Castle Age
29:25 Imperial Age
28:37 Bodkin Arrow
30:10 Bow Saw
31:12 Chemistry
33:36 Padded Archer Armor
34:21 Wheelbarrow
Connection lost

Rejoining the realm…

Still unreachable

The connection could not be restored.

Session expired

The server has moved on; the page needs a fresh start.